 Dungeon Crawl Stone Soup version 0.26.1 (webtiles) character file.

Game seed: 4600120867243049113

24392 Marvel the Brawler (level 13, -14/122 HPs)
             Began as a Ghoul Monk on Feb 2, 2021.
             Was a Believer of Uskayaw.
             Demolished by Rupert
             ... wielding a +2 vorpal executioner's axe
              (29 damage)
             ... on level 13 of the Dungeon on Feb 6, 2021.
             The game lasted 01:37:27 (15585 turns).

Marvel the Brawler (Ghoul Monk)                    Turns: 15585, Time: 01:37:27

Health: -14/122    AC: 14    Str: 20    XL:     13   Next: 12%
Magic:  15/15      EV: 11    Int:  5    God:    Uskayaw [**....]
Gold:   410        SH:  8    Dex: 11    Spells: 12/12 levels left

rFire    + . .     SeeInvis +     - Unarmed
rCold    + + .     Faith    .   J - +0 kite shield
rNeg     + + +     Spirit   .   c - +0 troll leather armour
rPois    ∞         Reflect  .   y - +2 helmet {SInv}
rElec    .         Harm     .   l - scarf {rC+ rF+}
rCorr    .         Rampage  .   G - +0 pair of gloves
Will     .....                  M - +0 pair of boots
Stlth    +++.......             d - amulet of regeneration
HPRegen  0.00/turn              N - ring of stealth
MPRegen  0.14/turn              P - +4 ring of protection

@: invisible
A: claws 1, cold resistance 1, negative energy resistance 3, inhibited
regeneration, torment resistance, unbreathing
a: Renounce Religion, Stomp, Line Pass


You were on level 13 of the Dungeon.
You worshipped Uskayaw.
Uskayaw was noncommittal.
You visited 2 branches of the dungeon, and saw 14 of its levels.

You collected 842 gold pieces.
You spent 432 gold pieces at shops.

Inventory:

Hand Weapons
 a - a +1 shortbow of flaming
 q - a +0 hunting sling
 I - the +10 flail of Domination {vorpal, rC+ MP+9 Int+4}
   (You found it on level 7 of the Dungeon)

   It inflicts extra damage upon your enemies.
   It affects your intelligence (+4).
   It protects you from cold.
   It affects your magic capacity (+9).
Missiles
 h - 449 stones
 i - 54 poisoned darts (quivered)
 j - 8 boomerangs
 k - 120 sling bullets
 t - 265 arrows
Armour
 b - a +1 hat
 c - a +0 troll leather armour (worn)
 e - the +0 leather armour "Porghaw" {rF++ rC-}
   (You found it on level 10 of the Dungeon)

   It greatly protects you from fire.
   It makes you vulnerable to cold.
 l - a scarf of resistance (worn)
 n - a +0 robe
 y - a +2 helmet of see invisible (worn)
 B - a +0 plate armour
 G - a +0 pair of gloves (worn)
 J - a +0 kite shield (worn)
 M - a +0 pair of boots (worn)
 R - the +2 leather armour "Mulitom" {rC+ Str-3 SInv}
   (You found it on level 10 of the Dungeon)

   It affects your strength (-3).
   It protects you from cold.
   It lets you see invisible.
 U - a scarf of invisibility
Magical Staves
 F - an uncursed staff of conjuration {unknown}
Jewellery
 d - an amulet of regeneration (around neck)
 p - an uncursed ring of fire
 N - a ring of stealth (left hand)
 P - a +4 ring of protection (right hand)
Wands
 o - a wand of disintegration (1)
 s - a wand of polymorph (1)
 L - a wand of iceblast (3)
Scrolls
 g - 2 scrolls of blinking
 u - 4 scrolls of remove curse
 v - 4 scrolls of magic mapping
 A - 3 scrolls of teleportation
 C - 3 scrolls of fog
 E - 4 scrolls of noise
 O - a scroll of enchant weapon
 S - 2 scrolls of amnesia
 V - a scroll of identify
 W - a scroll of fear
Potions
 f - 3 potions of mutation
 m - a potion of ambrosia
 r - 2 potions of flight
 w - 2 potions of haste
 x - 2 potions of curing
 z - a potion of lignification
 D - 2 potions of invisibility
 H - a potion of cancellation
 K - a potion of degeneration
 X - a potion of resistance {unknown}


   Skills:
 + Level 13.1 Fighting
 - Level 0.1(1.7) Slings
 - Level 2.7 Bows
 - Level 2.9(3.0) Throwing
 + Level 3.8 Armour
 + Level 4.9 Dodging
 - Level 5.0 Stealth
 - Level 1.0 Shields
 + Level 16.2 Unarmed Combat
 * Level 4.4 Invocations


You had 12 spell levels left.
You didn't know any spells.
Your spell library contained the following spells:

 Spells                   Type           Power        Failure   Level
 Foxfire                  Conj/Fire      0%           98%         1
 Conjure Flame            Conj/Fire      0%           100%        3
 Inner Flame              Hex/Fire       0%           100%        3
 Sticky Flame             Conj/Fire      0%           100%        4
 Fireball                 Conj/Fire      0%           100%        5


Dungeon Overview and Level Annotations

Branches:
Dungeon (13/15) Temple (1/1) D:7 Lair (0/6) D:9 Orc (0/2) D:11 Vaults (0/5) D:12 D:13

Altars:
Ashenzari
Cheibriados
Dithmenos
Elyvilon
Fedhas
Gozag
Hepliaklqana
Kikubaaqudgha
Makhleb
Nemelex Xobeh
Okawaru
Qazlal
Ru
Sif Muna
Trog
Uskayaw
Vehumet
Wu Jian
Xom
Yredelemnul
Zin
The Shining One

Shops:
D:8 =   D:11 (

Annotations:
D:5 Blork the orc
D:6 3 runed translucent doors, DungeonDestroyer's ghost, novice GnFi
D:13 Rupert


Innate Abilities, Weirdness & Mutations

You thrive by killing the living.
You are immune to poison.
You have sharp fingernails.
Your flesh is cold resistant. (rC+)
You are immune to negative energy. (rN+++)
You do not regenerate when monsters are visible.
You are immune to unholy pain and torment.
You can survive without breathing.


Message History

You punch Rupert!
Rupert is severely wounded.
Rupert hits you with a +2 vorpal executioner's axe!!!
* * * LOW HITPOINT WARNING * * *
x2 Your shield prevents you from hitting Rupert.
Rupert is severely wounded.
Rupert hits you but does no damage.
You hit Rupert.
Rupert is severely wounded.
You pummel Rupert!!
Rupert is severely wounded.
You block Rupert's attack.
Okay, then.
You pummel Rupert!!
Rupert is almost dead.
Rupert hits you with a +2 vorpal executioner's axe!
* * * LOW HITPOINT WARNING * * *
x2 You fade into invisibility!
Rupert hits you with a +2 vorpal executioner's axe!!
You die...

...# ...# #..# #..# #..#
#..+ #..#
##########..########..
.......@@............(
#############'#####.......
..................#.......
..................#.....##
..................#.....#
#................#.....#
#..............###.....#
#..............# .....#
#..............#


You could see Rupert (berserk, poisoned).

Vanquished Creatures
  Gastronok (D:10)
  2 boulder beetles
  2 hydras (D:12)
  A centaur warrior (D:12)
  5 two-headed ogres
  Urug (D:12)
  2 unseen horrors
  A deep elf mage (D:12)
  2 cyclopes
  A gargoyle (D:10)
  3 trolls
  A slime creature (D:12)
  A wraith (D:13)
  A vampire (D:11)
  2 wyverns
  A hog (shapeshifter) (D:13)
  8 yaks
  A steam dragon (D:7)
  15 humans
  A water moccasin (D:9)
  4 black bears
  5 ice beasts
  5 orc warriors
  3 sky beasts
  2 phantoms
  6 centaurs
  3 ogres
  5 wolves (D:9)
  2 big kobolds
  10 bullfrogs
  4 scorpions
  16 killer bees
  22 wights
  4 electric eels (D:9)
  2 howler monkeys
  2 centaur zombies
  2 bullfrog zombies
  2 quasits
  9 hounds
  2 jellies
  5 centaur skeletons
  11 orc wizards
  3 orc priests
  Jessica (D:2)
  3 bullfrog skeletons
  4 iguanas
  13 worker ants
  A mummy (D:6)
  2 worker ant zombies (D:10)
  Robin (D:3)
  10 gnolls
  16 adders
  A howler monkey skeleton (D:5)
  3 shadow imps
  6 white imps
  2 ufetubi (D:5)
  An ooze (D:5)
  An adder skeleton (D:6)
  7 worms
  3 dart slugs
  5 leopard geckos
  43 orcs
  A ball python (D:2)
  14 bats
  7 giant cockroaches
  18 goblins
  12 hobgoblins
  5 jackals
  3 quokkas
  A frilled lizard (D:4)
  A hobgoblin zombie (D:6)
  A jackal skeleton (D:3)
  A jackal zombie (D:5)
  18 kobolds
  2 kobold zombies (D:6)
  An orc zombie (D:6)
  A quokka skeleton (D:5)
  3 rats
393 creatures vanquished.

Vanquished Creatures (others)
  An adder (D:2)
  A gnoll (D:9)
  An orc (D:9)
  A kobold (D:2)
4 creatures vanquished.

Grand Total: 397 creatures vanquished

Notes
Turn   | Place    | Note
-------+----------+-------------------------------------------
     0 | D:1      | Marvel the Ghoul Monk began the quest for the Orb.
     0 | D:1      | Reached XP level 1. HP: 19/19 MP: 0/0
   146 | D:1      | Reached XP level 2. HP: 26/26 MP: 1/1
   411 | D:1      | Found a sparkling altar of Nemelex Xobeh.
   436 | D:1      | Reached XP level 3. HP: 32/33 MP: 2/2
   992 | D:1      | Reached skill level 4 in Unarmed Combat
  1532 | D:2      | Reached XP level 4. HP: 40/40 MP: 3/3
  1599 | D:2      | Noticed Jessica
  1602 | D:2      | Killed Jessica
  1867 | D:2      | Found a radiant altar of Vehumet.
  1923 | D:2      | Found an opulent altar of Gozag.
  1923 | D:2      | Found a sparkling altar of Nemelex Xobeh.
  2045 | D:3      | Reached XP level 5. HP: 32/46 MP: 4/4
  2151 | D:3      | Reached skill level 5 in Unarmed Combat
  2333 | D:3      | Noticed Robin
  2560 | D:3      | Killed Robin
  2964 | D:3      | Reached XP level 6. HP: 41/52 MP: 5/5
  3065 | D:3      | Reached skill level 6 in Unarmed Combat
  3415 | D:4      | Found a bloodstained altar of Trog.
  3802 | D:4      | Reached XP level 7. HP: 48/60 MP: 6/6
  4209 | D:4      | Found a snail-covered altar of Cheibriados.
  4276 | D:5      | Entered Level 5 of the Dungeon
  4318 | D:5      | Noticed Blork the orc
  4390 | D:5      | Reached skill level 7 in Unarmed Combat
  4551 | D:5      | Reached skill level 5 in Fighting
  4846 | D:5      | Reached skill level 8 in Unarmed Combat
  4846 | D:5      | Reached XP level 8. HP: 33/69 MP: 7/7
  5143 | D:5      | Found a white marble altar of Elyvilon.
  5443 | D:5      | Reached skill level 9 in Unarmed Combat
  5546 | D:6      | Found a runed translucent gate.
  5547 | D:6      | Found a runed translucent gate.
  5547 | D:6      | Found a runed translucent gate.
  5551 | D:6      | Noticed DungeonDestroyer's ghost (novice GnFi)
  5574 | D:6      | Reached skill level 1 in Bows
  5677 | D:6      | Found an ornate altar of the Wu Jian Council.
  6171 | D:7      | Got an ancient flail
  6172 | D:7      | Identified the +10 flail of Domination {vorpal, rC+ MP+9
                  | Int+4} (You found it on level 7 of the Dungeon)
  6515 | D:7      | Found a staircase to the Ecumenical Temple.
  6524 | D:7      | Reached skill level 1 in Armour
  6532 | Temple   | Entered the Ecumenical Temple
  6588 | Temple   | Became a worshipper of Uskayaw the Reveller
  6588 | Temple   | Reached * piety under Uskayaw
  6634 | D:7      | Reached ** piety under Uskayaw
  6639 | D:7      | Reached XP level 9. HP: 62/78 MP: 8/8
  6683 | D:7      | Reached skill level 10 in Unarmed Combat
  6855 | D:7      | Reached *** piety under Uskayaw
  6858 | D:7      | Reached **** piety under Uskayaw
  6863 | D:7      | Reached ***** piety under Uskayaw
  7303 | D:7      | Found a hazy altar of Hepliaklqana.
  7567 | D:7      | Upgraded the game from 0.26.0-90-g5fd8617961 to 0.26.1
  7645 | D:8      | Reached skill level 1 in Shields
  7645 | D:8      | Reached skill level 11 in Unarmed Combat
  8182 | D:8      | Found a glowing silver altar of Zin.
  8226 | D:8      | Found Ylobaet's Jewellery Shoppe.
  8388 | D:8      | Bought a +4 ring of protection for 432 gold pieces
  8522 | D:9      | Reached skill level 1 in Throwing
  8552 | D:9      | Noticed a two-headed ogre
  8576 | D:9      | HP: 1/78 [two-headed ogre/cursed -1 giant club (5)]
  8806 | D:9      | Reached skill level 12 in Unarmed Combat
  8824 | D:9      | Killed a two-headed ogre
  8825 | D:9      | Reached XP level 10. HP: 47/86 MP: 9/9
  9193 | D:9      | Reached skill level 13 in Unarmed Combat
  9682 | D:9      | Found a staircase to the Lair.
 10045 | D:9      | Reached skill level 5 in Stealth
 10249 | D:9      | Reached skill level 14 in Unarmed Combat
 10541 | D:10     | Entered Level 10 of the Dungeon
 10543 | D:10     | Noticed a gargoyle
 10596 | D:10     | Noticed Gastronok
 10654 | D:10     | Noticed an unseen horror
 10667 | D:10     | Killed an unseen horror
 10668 | D:10     | Reached XP level 11. HP: 84/92 MP: 10/10
 10989 | D:10     | Reached skill level 15 in Unarmed Combat
 11037 | D:10     | Killed Gastronok
 11137 | D:10     | Got an ichor-stained leather armour
 11148 | D:10     | Identified the +2 leather armour "Mulitom" {rC+ Str-3 SInv}
                  | (You found it on level 10 of the Dungeon)
 11472 | D:10     | Got a faintly glowing leather armour
 11524 | D:10     | Identified the cursed +0 leather armour "Porghaw" {rF++
                  | rC-} (You found it on level 10 of the Dungeon)
 11871 | D:11     | Noticed a two-headed ogre
 11871 | D:11     | Noticed a boulder beetle
 12016 | D:11     | Killed a boulder beetle
 12017 | D:11     | Reached skill level 10 in Fighting
 12489 | D:11     | Found a staircase to the Orcish Mines.
 12505 | D:11     | Found Funei's Weapon Emporium.
 12874 | D:11     | Killed a two-headed ogre
 12950 | D:11     | Noticed a cyclops
 12970 | D:12     | Reached XP level 12. HP: 110/110 MP: 11/11
 13092 | D:12     | Noticed a seven-headed hydra
 13099 | D:12     | Noticed a two-headed ogre
 13222 | D:12     | Noticed a boulder beetle
 13237 | D:12     | Killed a boulder beetle
 13439 | D:12     | Found Onea's Assorted Antiques.
 13657 | D:12     | Killed a two-headed ogre
 13658 | D:12     | Reached skill level 1 in Invocations
 14041 | D:12     | Noticed a two-headed ogre
 14044 | D:12     | Killed a two-headed ogre
 14067 | D:12     | Noticed a seven-headed hydra
 14295 | D:12     | Killed a seven-headed hydra
 14326 | D:12     | Killed a seven-headed hydra
 14656 | D:13     | Found a gate to the Vaults.
 14656 | D:13     | Noticed Urug
 14656 | D:13     | Noticed a centaur warrior
 14656 | D:13     | Noticed a two-headed ogre
 14656 | D:13     | Noticed Rupert
 14853 | D:12     | Killed a centaur warrior
 15090 | D:12     | Reached XP level 13. HP: 112/122 MP: 14/14
 15186 | D:12     | Reached skill level 16 in Unarmed Combat
 15303 | D:13     | Paralysed by Rupert for 2 turns
 15326 | D:12     | Killed Urug
 15367 | D:13     | Paralysed by Rupert for 3 turns
 15387 | D:13     | HP: 6/122 [Rupert/+2 vorpal executioner's axe (4)]
 15585 | D:13     | Demolished by Rupert

Illustrated notes

Levels and vault maps discovered:
D:1:      minmay_arrival_hallway, layout_loops_ring, moated_statue,
          amethyst_killhole, chequers_serial_rivers_micro_b,
          nemelex_diamond_rough_becter
D:2:      layout_rooms, grunt_temple_overflow_opulence, fiery_altar_vehumet,
          uniq_jessica
D:3:      layout_loops_cross, serial_aquarium, aquarium_bridge_square
          [aquarium_subvault_window, aquarium_subvault_bridge,
          aquarium_subvault_bridge, aquarium_subvault_window],
          aquarium_window_corner, aquarium_window_2, aquarium_window_corridor_2,
          aquarium_window_2, aquarium_view_2d, minivault_23, uniq_robin
D:4:      layout_basic, bloody_trog, hangedman_decor_push, st_stairs_6,
          supply_closet_lemuel, kennysheep_slug_shrine
D:5:      layout_cave_pools, kennysheep_little_box, uniq_blork_the_orc
D:6:      layout_rooms, lemuel_crystal_altar, ebering_ghost_rock_garden,
          minmay_mini_ossuary
D:7:      layout_loops_corners, nzn_hepliaklqana_mist_gate, temple_hall,
          minmay_a_box_with_orc_wizards_in_it
D:8:      layout_loops_ring, zin_scriptorium, serial_shops,
          nicolae_shop_waterfront, kennysheep_generic_room_11
D:9:      layout_irregular_city, erik_lair_island
D:10:     layout_rooms, minmay_misc_feat_hallway, uniq_gastronok
D:11:     layout_rooms, serial_shops, kennysheep_mini
D:12:     layout_gridville, serial_shops, shop, grunt_ministairs_7
D:13:     layout_irregular_city, david_vaults_3, hangedman_aviary, uniq_rupert
Temple:   eino_temple_water

Skill      XL: |  1  2  3  4  5  6  7  8  9 10 11 12 13 |
---------------+----------------------------------------+-----
Dodging        | 3 4 |  4.9
Unarmed Combat | 4 5 6 8 9 12 14 15 16 | 16.2
Fighting       | 4 5 6 7 11 13 | 13.1
Stealth        | 3 4 5 |  5.0
Bows           | 2 |  2.7
Armour         | 1 3 |  3.8
Shields        | 1 |  1.0
Throwing       | 1 2 |  2.9
Invocations    | 3 4 |  4.4
Slings         | |  0.1

Action                   |  1- 3 |  4- 6 |  7- 9 | 10-12 | 13-15 || total
-------------------------+-------+-------+-------+-------+-------++-------
Melee: Unarmed           |   121 |   190 |   362 |   585 |    63 ||  1321
       Punch             |     3 |     3 |     7 |       |       ||    13
       Flail             |       |       |    16 |       |       ||    16
 Fire: Hunting sling     |    12 |    78 |    54 |       |       ||   144
       Shortbow          |       |       |    15 |       |       ||    15
Throw: Stone             |    34 |       |       |     2 |       ||    36
       Boomerang         |       |     1 |    63 |    72 |    10 ||   146
       Dart              |       |       |     6 |    93 |    19 ||   118
Invok: Line Pass         |       |       |     2 |     2 |       ||     4
       Stomp             |       |       |       |    11 |       ||    11
Evoke: Wand              |       |     3 |     1 |    28 |       ||    32
  Use: Scroll            |     2 |     1 |     9 |    13 |       ||    25
       Potion            |       |       |     3 |     2 |     2 ||     7
 Stab: Sleeping          |     4 |     3 |     2 |     9 |       ||    18
       Distracted        |       |       |     1 |     2 |       ||     3
       Paralysed         |       |       |     2 |    28 |       ||    30
Armor: Robe              |    19 |    23 |    57 |    12 |       ||   111
       Plate armour      |       |       |    25 |       |       ||    25
       Troll leather arm |       |       |       |   202 |     7 ||   209
Dodge: Dodged            |    74 |   111 |   159 |   219 |    16 ||   579
Block: Kite shield       |       |       |    45 |   239 |    20 ||   304
